 Dungeon Crawl Stone Soup version 0.26.1-11-gd32895ea62 (webtiles) character file.

Game seed: 12803736173312390411

22353 buriedalive the Spry (level 12, -2/97 HPs)
             Began as a Merfolk Ice Elementalist on July 13, 2021.
             Was the Champion of Okawaru.
             Splashed by an oklob plant's acid (15 damage)
             ... on level 3 of the Lair of Beasts.
             The game lasted 00:51:57 (25327 turns).

buriedalive the Spry (Merfolk Ice Elementalist)    Turns: 25327, Time: 00:51:59

Health: -2/97      AC:  4    Str:  9    XL:     12   Next: 99%
Magic:  17/27      EV: 23    Int: 19    God:    Okawaru [******]
Gold:   710        SH:  0    Dex: 14    Spells: 0/19 levels left

rFire    . . .     SeeInvis .   S - +0 quarterstaff (drain)
rCold    . . .     Faith    .   (shield currently unavailable)
rNeg     . . .     Spirit   .   L - +0 troll leather armour
rPois    .         Reflect  .   (no helmet)
rElec    .         Harm     .   w - +0 cloak
rCorr    .         Rampage  .   O - +2 pair of gloves
Will     .....                  (no boots)
Stlth    ++........             (no amulet)
HPRegen  0.66/turn              i - ring of magical power
MPRegen  0.20/turn              N - ring of wizardry

@: corroded, frozen ramparts
A: change form in water, swift swim, stealthy swim
a: Renounce Religion, Heroism, Finesse


You were on level 3 of the Lair of Beasts.
You worshipped Okawaru.
Okawaru was exalted by your worship.
You visited 3 branches of the dungeon, and saw 16 of its levels.
You also visited: Ossuary.

You collected 904 gold pieces.
You spent 194 gold pieces at shops.

Inventory:

Hand Weapons
 d - a +2 dagger of venom
 A - a +0 glaive of flaming
 S - a +0 quarterstaff of draining (weapon)
Missiles
 c - 371 stones
 s - 4 throwing nets
 v - 36 poisoned darts (quivered)
Armour
 a - a +1 robe
 o - a +1 pair of gloves
 w - a +0 cloak (worn)
 L - a +0 troll leather armour (worn)
 O - a +2 pair of gloves (worn)
Jewellery
 g - an uncursed ring of fire
 i - a ring of magical power (left hand)
 z - an uncursed ring of willpower
 N - a ring of wizardry (right hand)
 P - an uncursed ring of flight
Wands
 r - a wand of polymorph (16)
 u - a wand of flame (49)
 y - a wand of disintegration (15)
 D - a wand of random effects (10)
 F - a wand of iceblast (16)
 H - a wand of digging (6)
 J - a wand of acid (16)
 R - a wand of enslavement (8)
Scrolls
 b - 6 scrolls of teleportation
 e - 2 scrolls of blinking
 j - 7 scrolls of identify
 l - 2 scrolls of magic mapping
 p - 3 scrolls of fog
 q - a scroll of amnesia
 B - 5 scrolls of remove curse
 C - a scroll of immolation
 E - a scroll of enchant weapon
 G - a scroll of holy word
 I - a scroll of brand weapon
 K - a scroll of summoning
 M - 2 scrolls of torment
 T - 2 scrolls of random uselessness {unknown}
Potions
 f - 4 potions of brilliance
 h - a potion of might
 k - 3 potions of berserk rage
 m - 4 potions of curing
 n - 4 potions of haste
 t - 6 potions of lignification
 x - 3 potions of resistance
 Q - 3 potions of heal wounds


   Skills:
 + Level 10.1 Fighting
 + Level 17.6 Dodging
 - Level 2.1 Stealth
 - Level 4.0 Spellcasting
 - Level 5.0 Conjurations
 - Level 6.0 Summonings
 + Level 1.6 Fire Magic
 - Level 10.0 Ice Magic


You couldn't memorise any spells.
You knew the following spells:

 Your Spells              Type           Power        Failure   Level
a - Freeze                Ice            100%         1%          1
b - Frozen Ramparts       Ice            82%          1%          3
c - Ozocubu's Armour      Ice            41%          1%          3
d - Summon Ice Beast      Ice/Summ       34%          2%          4
e - Hailstorm             Conj/Ice       32%          3%          4
f - Sticky Flame          Conj/Fire      16%          21%         4

Your spell library contained the following spells:

 Spells                   Type           Power        Failure   Level
 Foxfire                  Conj/Fire      64%          1%          1
 Summon Small Mammal      Summ           100%         1%          1
 Call Imp                 Summ           26%          1%          2
 Call Canine Familiar     Summ           26%          1%          3
 Conjure Flame            Conj/Fire      16%          6%          3
 Summon Guardian Golem    Hex/Summ       15%          7%          3
 Beastly Appendage        Tmut           6%           8%          1
 Ice Form                 Ice/Tmut       22%          10%         4
 Poisonous Vapours        Pois/Air       6%           12%         2
 Wereblood                Tmut           3%           12%         2
 Mephitic Cloud           Conj/Pois/Air  10%          12%         3
 Inner Flame              Hex/Fire       6%           16%         3
 Spider Form              Tmut/Pois      1%           22%         3
 Summon Lightning Spire   Summ/Air       15%          22%         4
 Fireball                 Conj/Fire      8%           45%         5
 Irradiate                Conj/Tmut      6%           56%         5
 Freezing Cloud           Conj/Ice/Air   11%          80%         6
 Blade Hands              Tmut           1%           88%         5
 Hydra Form               Tmut           1%           100%        6
 Statue Form              Tmut/Erth      2%           100%        6
 Dragon Form              Tmut           1%           100%        7


Dungeon Overview and Level Annotations

Branches:
Dungeon (11/15)            Temple (1/1) D:5            Lair (4/6) D:8
 Shoals (0/4) Lair:2        Snake (0/4) Lair:4      Ossuary (visited)
    Orc: D:9-12

Altars:
Ashenzari
Cheibriados
Dithmenos
Elyvilon
Fedhas
Gozag
Hepliaklqana
Kikubaaqudgha
Makhleb
Nemelex Xobeh
Okawaru
Qazlal
Ru
Sif Muna
Trog
Uskayaw
Vehumet
Wu Jian
Xom
Yredelemnul
Zin
The Shining One

Shops:
D:6 ?

Annotations:
Lair:3 exclusion: oklob plant


Message History

Unknown command.
You hit the oklob plant but do no damage.
The oklob plant is heavily damaged.
Your ice beast hits the oklob plant.
Your ice beast freezes the oklob plant.
The wall freezes the oklob plant.
Your ice beast hits the oklob plant.
Your ice beast freezes the oklob plant!
You hit the oklob plant but do no damage.
The oklob plant is almost destroyed.
Your ice beast hits the oklob plant but does no damage.
The wall freezes the oklob plant.
The oklob plant spits acid at you. The splash of acid hits you!
The acid corrodes you!
You are splashed with acid!
* * * LOW HITPOINT WARNING * * *
Your ice beast hits the oklob plant but does no damage. x2
The wall freezes the oklob plant.
The oklob plant spits acid at you. The splash of acid hits you!
* * * LOW HITPOINT WARNING * * *
You are splashed with acid!
You die...

............♣≈≈≈P≈P≈♣............
............♣♣≈≈≈≈P≈♣............
.............≈P≈≈≈≈≈...P#.....##P
......##.....#♣P♣♣≈....##...####P
.....#.#......♣♣P♣...#.#......#P.
.P...##.............#####........
#P................#.##.#.........
##...............#.##.........#..
#.#.............@###......#..#...
###PP##.........YP...###.#....#..
#########.....Y..#.# #.###..#..
###P...P## ### #...#. #....##
#..#.. ##.### #..### ## ###


You could see an oklob plant and 2 friendly ice beasts.

Vanquished Creatures
  Harold (D:10)
  A boulder beetle (Lair:2)
  3 hydras
  2 two-headed ogres
  Nergalle (Lair:3)
  2 elephants (Lair:2)
  A black mamba (Lair:1)
  4 cane toads
  3 komodo dragons
  4 trolls
  A polar bear (Lair:3)
  4 blink frogs (Lair:3)
  8 spriggans (Lair:1)
  14 yaks
  A wyvern (Lair:2)
  A basilisk (Lair:2)
  16 water moccasins
  5 orc warriors
  An ice beast (D:6)
  A sky beast (D:6)
  An eye of draining (D:8)
  4 black bears
  2 phantoms
  4 ogres
  A wolf (Lair:1)
  3 centaurs
  A big kobold (D:10)
  14 bullfrogs
  4 water moccasin zombies (Ossuary)
  A wyvern skeleton (D:5)
  5 scorpions
  4 howler monkeys
  4 wights (D:9)
  A quasit (D:10)
  2 jellies
  A gnoll shaman (D:7)
  2 bullfrog skeletons (D:10)
  4 hounds
  4 orc priests
  18 orc wizards
  3 centaur skeletons
  Ijyb (D:5)
  2 iguanas (D:9)
  Natasha (thrice) (D:4)
  8 worker ants
  7 hell rats (Lair:2)
  A hound zombie (D:10)
  A hound skeleton (D:6)
  3 mummies
  2 worker ant zombies
  9 gnolls
  A howler monkey skeleton (D:4)
  8 adders
  2 shadow imps (D:7)
  A white imp (D:5)
  2 ufetubi
  An ooze (D:3)
  4 adder zombies
  An adder skeleton (D:4)
  5 worms
  3 dart slugs
  4 leopard geckos
  34 orcs
  6 ball pythons
  3 giant cockroaches
  2 gnoll zombies (Ossuary)
  4 goblins
  11 hobgoblins
  11 jackals
  6 quokkas
  7 bats
  A frilled lizard (D:2)
  A giant cockroach zombie (D:6)
  7 hobgoblin zombies
  14 kobolds
  7 kobold zombies (Ossuary)
  2 leopard gecko skeletons
  A leopard gecko zombie (D:7)
  6 orc zombies
  2 quokka skeletons
  7 rats
358 creatures vanquished.

Vanquished Creatures (collateral kills)
  3 hydras
  An elephant (Lair:2)
  2 cane toads (Lair:1)
  A rime drake (Lair:2)
  A yak (Lair:1)
  A basilisk (Lair:1)
  A water moccasin (Lair:2)
  A bullfrog (Lair:1)
11 creatures vanquished.

Vanquished Creatures (others)
  9 fungi
  68 plants
  4 toadstools (D:1)
81 creatures vanquished.

Grand Total: 450 creatures vanquished

Notes
Turn   | Place    | Note
-------+----------+-------------------------------------------
     0 | D:1      | buriedalive the Merfolk Ice Elementalist began the quest
                  | for the Orb.
     0 | D:1      | Reached XP level 1. HP: 13/13 MP: 3/3
   315 | D:1      | Reached skill level 3 in Dodging
   665 | D:1      | Reached XP level 2. HP: 12/19 MP: 0/5
  1592 | D:2      | Reached skill level 5 in Ice Magic
  1592 | D:2      | Reached XP level 3. HP: 24/24 MP: 3/6
  1811 | D:2      | Learned a level 3 spell: Frozen Ramparts
  1845 | D:2      | Reached skill level 4 in Dodging
  2441 | D:2      | Reached XP level 4. HP: 18/30 MP: 2/7
  2597 | D:2      | Learned a level 3 spell: Ozocubu's Armour
  3713 | D:3      | Found a snail-covered altar of Cheibriados.
  3860 | D:3      | Reached skill level 5 in Dodging
  3908 | D:3      | Reached XP level 5. HP: 35/35 MP: 8/8
  4586 | D:3      | Found a sacrificial altar of Ru.
  5005 | D:3      | Found a faded altar of an unknown god.
  5097 | D:4      | Found a stormy altar of Qazlal.
  5321 | D:4      | Reached skill level 6 in Dodging
  5321 | D:4      | Reached XP level 6. HP: 30/41 MP: 1/9
  5332 | D:4      | Noticed Natasha
  5848 | D:3      | Found a glowing silver altar of Zin.
  5978 | D:4      | Found an opulent altar of Gozag.
  6216 | D:4      | Found an ancient bone altar of Kikubaaqudgha.
  6278 | D:4      | Killed Natasha
  6279 | D:4      | Reached skill level 7 in Dodging
  6279 | D:4      | Reached XP level 7. HP: 37/46 MP: 4/10
  6641 | D:4      | Noticed Natasha
  6649 | D:4      | Killed Natasha
  6934 | D:4      | Noticed Natasha
  6940 | D:4      | Killed Natasha
  6973 | D:5      | Entered Level 5 of the Dungeon
  7027 | D:5      | Found a snail-covered altar of Cheibriados.
  7226 | D:5      | Found a staircase to the Ecumenical Temple.
  7249 | Temple   | Entered the Ecumenical Temple
  7423 | Temple   | Became a worshipper of Warmaster Okawaru
  7690 | D:5      | Reached skill level 8 in Dodging
  8126 | D:5      | Reached XP level 8. HP: 19/52 MP: 11/11
  8470 | D:5      | Noticed Ijyb
  8481 | D:5      | Killed Ijyb
  8865 | D:6      | Reached * piety under Okawaru
  8924 | D:6      | Reached skill level 9 in Dodging
  9302 | D:6      | Reached skill level 10 in Dodging
  9414 | D:6      | Found Paoravao's Magic Scroll Emporium.
  9631 | D:6      | Learned a level 4 spell: Summon Ice Beast
  9714 | D:6      | Reached ** piety under Okawaru
  9781 | D:6      | Reached skill level 1 in Summonings
  9781 | D:6      | Reached XP level 9. HP: 51/57 MP: 12/12
 10575 | D:6      | Bought a scroll of blinking for 97 gold pieces
 10575 | D:6      | Bought a scroll of blinking for 97 gold pieces
 11135 | D:7      | Reached skill level 10 in Ice Magic
 11528 | D:8      | Found a staircase to the Lair.
 11548 | D:8      | Found a sand-covered staircase.
 11555 | D:8      | Reached skill level 11 in Dodging
 11560 | Ossuary  | Entered an ossuary
 13860 | D:9      | Reached skill level 12 in Dodging
 13860 | D:9      | Reached skill level 5 in Summonings
 13961 | D:9      | Found a shimmering altar of Xom.
 14003 | D:9      | Reached *** piety under Okawaru
 14112 | D:9      | Found an iron altar of Okawaru.
 14123 | D:9      | Reached XP level 10. HP: 31/63 MP: 13/13
 14164 | D:9      | Noticed a two-headed ogre
 14192 | D:9      | HP: 1/63 [orc wizard/puff of flame (5)]
 15379 | D:9      | Reached skill level 13 in Dodging
 16085 | D:9      | Found a sparkling altar of Nemelex Xobeh.
 16177 | D:9      | Killed a two-headed ogre
 16177 | D:9      | Reached **** piety under Okawaru
 16178 | D:9      | Reached skill level 14 in Dodging
 16396 | D:10     | Entered Level 10 of the Dungeon
 16422 | D:10     | Noticed Harold
 16446 | D:10     | Killed Harold
 16760 | D:10     | Noticed a two-headed ogre
 16774 | D:10     | Killed a two-headed ogre
 16774 | D:10     | Reached ***** piety under Okawaru
 16775 | D:10     | Reached XP level 11. HP: 22/75 MP: 9/16
 18184 | D:10     | Reached skill level 15 in Dodging
 18661 | D:11     | Noticed a white ugly thing
 18790 | Lair:1   | Entered Level 1 of the Lair of Beasts
 18874 | Lair:1   | Noticed a six-headed hydra
 18881 | Lair:1   | Killed a six-headed hydra
 18882 | Lair:1   | Reached skill level 5 in Fighting
 19227 | Lair:1   | Received a gift from Okawaru
 19945 | Lair:1   | Received a gift from Okawaru
 19954 | Lair:1   | Reached skill level 16 in Dodging
 20102 | Lair:1   | Reached ****** piety under Okawaru
 20176 | Lair:1   | Noticed an eight-headed hydra
 20184 | Lair:1   | Killed an eight-headed hydra
 20185 | Lair:1   | Reached skill level 1 in Conjurations
 21101 | Lair:2   | Learned a level 4 spell: Hailstorm
 21189 | Lair:2   | Reached XP level 12. HP: 92/92 MP: 18/18
 21230 | Lair:2   | Noticed a seven-headed hydra
 21237 | Lair:2   | Killed a seven-headed hydra
 21431 | Lair:2   | Found a staircase to the Shoals.
 21600 | Lair:2   | You fall into a shaft and drop 2 floors!
 21710 | Lair:4   | Found a staircase to the Snake Pit.
 21836 | Lair:3   | Noticed a seven-headed hydra
 21852 | Lair:3   | HP: 4/94 [seven-headed hydra (10)]
 21853 | Lair:3   | Killed a seven-headed hydra
 22504 | Lair:3   | Noticed a six-headed hydra
 22597 | Lair:2   | Noticed a boulder beetle
 22612 | Lair:2   | Reached skill level 17 in Dodging
 22616 | Lair:2   | Killed a boulder beetle
 23233 | Lair:2   | Noticed a six-headed hydra
 23240 | Lair:2   | Killed a six-headed hydra
 23240 | Lair:2   | Received a gift from Okawaru
 23450 | Lair:2   | Reached skill level 5 in Conjurations
 23494 | Lair:2   | Learned a level 4 spell: Sticky Flame
 23821 | Lair:2   | Noticed an eight-headed hydra
 24366 | Lair:3   | Noticed Nergalle
 24461 | Lair:3   | Killed Nergalle
 24462 | Lair:3   | Reached skill level 10 in Fighting
 24462 | Lair:3   | Reached skill level 1 in Fire Magic
 24917 | Lair:3   | Killed a six-headed hydra
 25327 | Lair:3   | Splashed by an oklob plant's acid

Illustrated notes

Levels and vault maps discovered:
D:1:      ldierk_water_garden, layout_basic
D:2:      layout_loops_cross
D:3:      lemuel_upstairs_altar, layout_basic, marbit_many_paths,
          chequers_ecumenical_altar_simple, kennysheep_slug_shrine
D:4:      layout_cave_pools, kennysheep_mini_moat, general_overflow_altar,
          nicolae_qazlal_general_emergency, uniq_natasha
D:5:      layout_cave_pools, nicolae_overflow_crystal_walls, temple_pool_b,
          uniq_ijyb
D:6:      layout_basic, grunt_ministairs_15, kennysheep_windowed_goal
D:7:      layout_cave_pools, minmay_microvault
D:8:      layout_cave_pools, lair_entry_dummy, nicolae_ossuary_entry_giza,
          serial_co_window_serial, co_window_cross_1, co_window_paths_b,
          co_window_of_opportunity_a, co_window_corner_a, co_window_paths_b,
          co_window_corner_a, co_window_paths_c, co_window_corner_ca,
          co_window_2corner, co_window_cross_3, co_window_corner_cb,
          co_window_2corner, co_window_4corner_a
D:9:      layout_big_octagon, lemuel_round_altar, old_standard_altar,
          okawaru_trees_2
D:10:     layout_loops_corners, minmay_misc_feat_cross, wad_mini_maze,
          uniq_harold
D:11:     layout_long_grid, hiddenorc1_lemuel, serial_shops, shop
Temple:   eino_temple_rhombus
Lair:1:   kb_forest_paths, layout_regular_city
Lair:2:   cheibrodos_lair_overgrown_chateau, layout_regular_city,
          elwin_shoals_entry_rocks, eino_small_chamber_without_monster,
          minmay_shattered_shrine
Lair:3:   layout_layer_cave, serial_bayou_lake_a, uniq_nergalle
Lair:4:   layout_regular_city, minmay_snake_entry_six_corridors

Skill      XL: |  1  2  3  4  5  6  7  8  9 10 11 12 |
---------------+-------------------------------------+-----
Dodging        | 3 4 5 6 7 8 10 12 14 16 17 | 17.6
Ice Magic      | 5 6 7 8 9 10 | 10.0
Summonings     | 1 5 6 |  6.0
Fighting       | 3 7 10 | 10.1
Spellcasting   | 3 4 |  4.0
Conjurations   | 2 5 |  5.0
Fire Magic     | 1 |  1.6
Stealth        | |  2.1

Action                   |  1- 3 |  4- 6 |  7- 9 | 10-12 || total
-------------------------+-------+-------+-------+-------++-------
Melee: Unarmed           |    13 |       |       |       ||    13
       Whip              |    38 |    77 |       |       ||   115
       Dagger            |       |    26 |   539 |   480 ||  1045
       Glaive            |       |       |    31 |       ||    31
       Quarterstaff      |       |       |       |    41 ||    41
       Tailslap          |       |       |       |     1 ||     1
Throw: Dart              |       |       |       |    12 ||    12
 Cast: Freeze            |    47 |    73 |    10 |   110 ||   240
       Frozen Ramparts   |       |     6 |    64 |    85 ||   155
       Ozocubu's Armour  |       |       |    12 |    39 ||    51
       Summon Ice Beast  |       |       |       |    42 ||    42
       Hailstorm         |       |       |       |     3 ||     3
Evoke: Wand              |       |       |    11 |     1 ||    12
  Use: Scroll            |     2 |       |    12 |    11 ||    25
       Potion            |       |       |     9 |     3 ||    12
 Stab: Sleeping          |     3 |    11 |     3 |     6 ||    23
       Distracted        |       |       |     1 |     2 ||     3
Armor: Robe              |    11 |    22 |   115 |    33 ||   181
       Troll leather arm |       |       |       |    86 ||    86
Dodge: Dodged            |    58 |   133 |   468 |   799 ||  1458
